 Dungeon Crawl Stone Soup version 0.19.5 (webtiles) character file.

3572 Azzok the Markscentaur (level 9, -4/67 HPs)
             Began as a Centaur Hunter on May 29, 2017.
             Was a Believer of Okawaru.
             Shot with a sling bullet by Joseph (9 damage)
             ... on level 7 of the Dungeon.
             The game lasted 00:16:33 (9494 turns).

Azzok the Markscentaur (Centaur Hunter)             Turns: 9494, Time: 00:16:34

Health: -4/67      AC: 17    Str: 17    XL:     9   Next: 84%
Magic:  13/13      EV:  5    Int: 10    God:    Okawaru [**....]
Gold:   452        SH:  0    Dex: 11    Spells: 0 memorised, 8 levels left

rFire  + . .     SeeInvis .     a - +1 shortbow
rCold  . . .     Gourm    +     y - +4 chain mail {rF+}
rNeg   + . .     Faith    .     (shield currently unavailable)
rPois  .         Spirit   .     (no helmet)
rElec  .         Reflect  .     (no cloak)
rCorr  .         Harm     .     R - +2 pair of gloves
MR     .....                    (no barding)
Stlth  ..........               m - amulet of the gourmand
                                G - +3 ring of protection
                                z - ring of positive energy

@: very quick
A: hooves 3, deformed body, speed 2, tough skin 3
a: Heroism, Renounce Religion


You were on level 7 of the Dungeon.
You worshipped Okawaru.
Okawaru was pleased with you.
You were completely stuffed.

You visited 2 branches of the dungeon, and saw 8 of its levels.

You collected 452 gold pieces.

Inventory:

Hand Weapons
 a - a +1 shortbow (weapon)
 b - a +0 short sword
Missiles
 d - 45 arrows (quivered)
Armour
 y - a +4 chain mail of fire resistance (worn)
 R - a +2 pair of gloves (worn)
Jewellery
 m - an amulet of the gourmand (around neck)
 s - an uncursed ring of ice
 z - a ring of positive energy (left hand)
 G - a +3 ring of protection (right hand)
 K - an uncursed ring of stealth {unknown}
Wands
 t - a wand of slowing (21/48)
 J - a wand of digging (15/24)
 O - a wand of iceblast (4/15)
 P - a wand of flame (31/48)
Scrolls
 e - 3 scrolls of teleportation {unknown}
 g - 4 scrolls of identify {unknown}
 h - 4 scrolls of remove curse {unknown}
 l - 3 scrolls of enchant weapon {unknown}
 n - 4 scrolls of magic mapping {unknown}
 p - 2 scrolls of random uselessness {unknown}
 A - 2 scrolls of enchant armour {unknown}
 C - 2 scrolls of amnesia {unknown}
 D - a scroll of immolation {unknown}
 E - 3 scrolls of recharging {unknown}
 H - a scroll of blinking {unknown}
 L - a scroll of fog {unknown}
Potions
 c - a potion of heal wounds {unknown}
 i - a potion of berserk rage {unknown}
 j - 2 potions of degeneration {unknown}
 o - 2 potions of invisibility {unknown}
 r - a potion of agility {unknown}
 u - 2 potions of curing {unknown}
 w - a potion of magic {unknown}
 x - a potion of brilliance {unknown}
 B - 3 potions of lignification {unknown}
 I - a potion of might {unknown}
Books
 M - a book of Maledictions

   Spells                             Type                      Level
   a - Corona                         Hexes                        1
   b - Ensorcelled Hibernation        Hexes/Ice                    2
   c - Confuse                        Hexes                        3
   d - Tukima's Dance                 Hexes                        3
   e - Dazzling Spray                 Conjuration/Hexes            3
Comestibles
 f - 7 bread rations {@e1}
 k - 2 meat rations {@e2}
 q - 4 beef jerkies
 v - a royal jelly
 F - 5 fruits
 N - 7 slices of pizza


   Skills:
 - Level 2.0 Fighting
 * Level 16.3 Bows
 - Level 1.3 Dodging
 - Level 0.4 Stealth
 + Level 6.1 Invocations


You had 8 spell levels left.
You didn't know any spells.

Dungeon Overview and Level Annotations

Branches:
Dungeon (7/15)             Temple (1/1) D:4

Altars:
Ashenzari
Cheibriados
Dithmenos
Elyvilon
Fedhas
Gozag
Kikubaaqudgha
Makhleb
Nemelex Xobeh
Okawaru
Qazlal
Sif Muna
Trog
Uskayaw
Vehumet
Xom
Yredelemnul
Zin
The Shining One

Shops:
D:4 [   D:7 :

Annotations:
D:7 Joseph


Innate Abilities, Weirdness & Mutations

You have hooves in place of feet.
Armour fits poorly on your strangely shaped body.
You cover ground very quickly.
You have extremely tough skin. (AC +3)


Message History

You shoot an arrow. The arrow closely misses Joseph.
Joseph shoots a sling bullet.
The sling bullet hits you!
* * * LOW HITPOINT WARNING * * *
The sling bullet freezes you!
* * * LOW HITPOINT WARNING * * *
Firing (i - inventory):
d - 47 arrows (quivered)
Press: ? - help, Shift-Dir - straight line, f/p - Joseph
Aim: Joseph, wielding a hunting sling of freezing and wearing a leather armour (severely wounded)
You shoot an arrow. The arrow hits Joseph!
Joseph is almost dead.
You take 22 damage, and have 5/67 hp.
MASSIVE DAMAGE!!
Firing (i - inventory):
d - 46 arrows (quivered)
Press: ? - help, Shift-Dir - straight line, f/p - Joseph
Aim: Joseph, wielding a hunting sling of freezing and wearing a leather armour (almost dead)
You shoot an arrow. The arrow hits Joseph!
Joseph is almost dead.
Joseph shoots a sling bullet.
The sling bullet barely misses you.
There is an open door here.
Joseph shoots a sling bullet.
The sling bullet hits you!
You die...

▒▒▒▒▒▒▒▒▒ (·······▒
((@·····▒
········▒▒▒▒▒▒▒▒▒▒▒
·······('·········
········▒@······▒
········▒·······▒
▒▒
····a···▒·······▒
▒·
·····(·▒▒·······▒
▒· ▒·
·(···$·▒···▒▒▒▒▒▒
▒· ▒· ·((····▒···▒
▒·▒ ▒·
·(·····▒···▒▒ ·· ▒·
▒▒···▒ ▒·▒▒· ▒···▒▒
▒··▒·


You could see Joseph.

Vanquished Creatures
  The ghost of Artagas the Cutter, a novice HESk of Dithmenos (D:6)
  The ghost of Yousuki the Skirmisher, a novice MiBe of Trog (D:4)
  Grinder (D:3)
  Sigmund (D:2)
  3 hogs (D:7)
  Eustachio (D:4)
  A human (D:7)
  An ice beast (D:6)
  The ghost of Azzok the Archer, an amateur CeHu (D:3)
  2 ogres
  A centaur (D:5)
  A phantom (D:5)
  3 bullfrogs
  A water moccasin zombie (D:7)
  A scorpion (D:4)
  2 howler monkeys (D:7)
  2 crimson imps
  3 hounds
  An orc priest (D:3)
  3 orc wizards
  A gnoll shaman (D:4)
  An iguana (D:5)
  Jessica (D:3)
  Terence (D:3)
  3 worker ants
  Ijyb (D:3)
  Natasha (thrice) (D:3)
  13 adders
  16 gnolls
  A shadow imp (D:7)
  An adder skeleton (D:4)
  3 worms
  2 dart slugs (D:2)
  5 leopard geckos
  11 orcs
  12 bats
  6 giant cockroaches
  10 goblins
  12 hobgoblins
  6 jackals
  7 kobolds
  2 quokkas
  2 ball pythons
  6 frilled lizards
  6 rats
163 creatures vanquished.

Vanquished Creatures (others)
  A giant cockroach (D:2)
  2 bats (D:2)
  A kobold (D:2)
4 creatures vanquished.

Grand Total: 167 creatures vanquished

Notes
Turn   | Place    | Note
-------+----------+-------------------------------------------
     0 | D:1      | Azzok the Centaur Hunter began the quest for the Orb.
     0 | D:1      | Reached XP level 1. HP: 17/17 MP: 1/1
   108 | D:1      | Reached skill level 6 in Bows
   108 | D:1      | Reached XP level 2. HP: 20/24 MP: 2/2
   947 | D:1      | Reached XP level 3. HP: 21/29 MP: 3/3
  1308 | D:2      | Reached skill level 7 in Bows
  1766 | D:2      | Found a white marble altar of Elyvilon.
  2671 | D:2      | Reached XP level 4. HP: 19/36 MP: 4/4
  3045 | D:3      | Noticed Natasha
  3062 | D:3      | Killed Natasha
  3200 | D:3      | Noticed Natasha
  3211 | D:3      | Killed Natasha
  3211 | D:3      | Reached skill level 8 in Bows
  3458 | D:3      | Noticed Jessica
  3480 | D:3      | Reached XP level 5. HP: 34/41 MP: 5/5
  3651 | D:3      | Noticed Natasha
  3656 | D:3      | Killed Natasha
  3769 | D:3      | Noticed Terence
  3809 | D:3      | Killed Terence
  3926 | D:3      | Noticed Azzok's ghost (amateur CeHu)
  4273 | D:2      | Reached skill level 9 in Bows
  4533 | D:3      | Noticed Sigmund
  4676 | D:2      | Killed Sigmund
  4676 | D:2      | Reached skill level 10 in Bows
  4676 | D:2      | Reached XP level 6. HP: 45/48 MP: 6/6
  4713 | D:3      | Killed Jessica
  4751 | D:3      | Killed Azzok's ghost
  4842 | D:3      | Noticed Ijyb
  4845 | D:3      | Killed Ijyb
  4845 | D:3      | Reached XP level 7. HP: 55/55 MP: 7/7
  4891 | D:3      | Reached skill level 11 in Bows
  5239 | D:3      | Noticed Grinder
  5271 | D:3      | Killed Grinder
  5528 | D:3      | Reached skill level 12 in Bows
  5632 | D:4      | Found Koohiv's Armour Boutique.
  5643 | D:4      | Noticed Yousuki's ghost (novice MiBe)
  5699 | D:4      | Killed Yousuki's ghost
  5699 | D:4      | Reached skill level 13 in Bows
  5699 | D:4      | Reached XP level 8. HP: 23/61 MP: 8/8
  6130 | D:4      | Found a shadowy altar of Dithmenos.
  6138 | D:4      | Noticed Eustachio
  6154 | D:4      | Killed Eustachio
  6371 | D:4      | Found a staircase to the Ecumenical Temple.
  6380 | Temple   | Entered the Ecumenical Temple
  6460 | Temple   | Became a worshipper of Warmaster Okawaru
  6579 | D:5      | Entered Level 5 of the Dungeon
  6625 | D:5      | Reached skill level 14 in Bows
  6625 | D:5      | Reached skill level 1 in Invocations
  7330 | D:5      | Reached * piety under Okawaru
  7868 | D:6      | Noticed Artagas's ghost (novice HESk)
  7994 | D:6      | Killed Artagas's ghost
  7994 | D:6      | Reached skill level 15 in Bows
  7994 | D:6      | Reached XP level 9. HP: 67/67 MP: 10/12
  8205 | D:6      | Found an opulent altar of Gozag.
  8744 | D:7      | Reached skill level 5 in Invocations
  8759 | D:7      | Found Saruot's Book Boutique.
  8922 | D:7      | Reached ** piety under Okawaru
  9173 | D:7      | Reached skill level 16 in Bows
  9476 | D:7      | Noticed Joseph
  9494 | D:7      | Shot with a sling bullet by Joseph

Skill      XL: |  1  2  3  4  5  6  7  8  9 |
---------------+----------------------------+-----
Bows           | 6 7 8 10 13 15 16 | 16.3
Invocations    | 4 6 |  6.1
Fighting       | |  2.0
Dodging        | |  1.3
Stealth        | |  0.4

Action                   |  1- 3 |  4- 6 |  7- 9 || total
-------------------------+-------+-------+-------++-------
Melee: Short sword       |   153 |   145 |    63 ||   361
       Kick              |    30 |    36 |    17 ||    83
 Fire: Shortbow          |       |    52 |   602 ||   654
Evoke: Wand              |       |     3 |     2 ||     5
  Eat: Chunk             |     8 |    16 |    11 ||    35
Armor: Leather armour    |    68 |    49 |       ||   117
       Chain mail        |       |    36 |   135 ||   171
Dodge: Dodged            |    76 |    83 |    46 ||   205
